 Dungeon Crawl Stone Soup version 0.24.1-4-ge52af88ad5 (webtiles) character file.

Game seed: 7023910458869541212, levelgen mode: deterministic

112 Goreval the Firebug (level 4, 0/24 HPs)
             Began as a Deep Elf Fire Elementalist on Apr 19, 2020.
             Slain by a hobgoblin
             ... wielding a +0 club
              (2 damage)
             ... on level 3 of the Dungeon.
             The game lasted 00:04:02 (2760 turns).

Goreval the Firebug (Deep Elf Fire Elementalist)    Turns: 2760, Time: 00:04:03

Health: 0/24       AC:  4    Str:  5    XL:     4   Next: 64%
Magic:  8/11       EV: 13    Int: 21    God:
Gold:   90         SH:  0    Dex: 15    Spells: 1/10 levels left

rFire    . . .     SeeInvis .   (no weapon)
rCold    . . .     Gourm    .   (no shield)
rNeg     . . .     Faith    .   a - +0 robe
rPois    .         Spirit   .   m - +0 helmet
rElec    .         Reflect  .   k - +0 cloak
rCorr    +         Harm     .   (no gloves)
MR       .....                  (no boots)
Stlth    ++........             (no amulet)
HPRegen  0.08/turn              g - ring of resist corrosion
MPRegen  0.12/turn              (no ring)

@: no status effects
A: no striking features
a: no special abilities


You were on level 3 of the Dungeon.
You were not hungry.

You visited 1 branch of the dungeon, and saw 3 of its levels.

You collected 90 gold pieces.

Inventory:

Missiles
 h - 103 stones (quivered) {don't use}
Armour
 a - a +0 robe (worn)
 k - a +0 cloak (worn)
 l - a +0 leather armour
 m - a +0 helmet (worn)
Jewellery
 g - a ring of resist corrosion (left hand)
Scrolls
 d - a scroll of enchant weapon {unknown}
 e - a scroll of amnesia {unknown}
 f - 2 scrolls of identify {unknown}
 j - a scroll of blinking {unknown}
 n - a scroll of remove curse {unknown}
Potions
 i - 2 potions of magic {unknown}
 o - a potion of curing {unknown}
 p - a potion of lignification {unknown}
Comestibles
 c - 4 rations


   Skills:
 + Level 3.1 Dodging
 - Level 2.4 Stealth
 + Level 3.7 Spellcasting
 * Level 3.1 Conjurations
 * Level 4.4 Fire Magic


You had one spell level left.
You knew the following spells:

 Your Spells              Type           Power        Failure   Level  Hunger
a - Flame Tongue          Conj/Fire      ###..        2%          1    None
b - Throw Flame           Conj/Fire      ###...       4%          2    ##.....
c - Conjure Flame         Conj/Fire      ###.....     8%          3    ###....
d - Inner Flame           Hex/Fire       ##......     16%         3    ###....

Your spell library contained the following spells:

 Spells                   Type           Power        Failure   Level  Hunger
 Sticky Flame             Conj/Fire      ###.....     26%         4    ####...
 Fireball                 Conj/Fire      ###.......   58%         5    ######.


Dungeon Overview and Level Annotations

Branches:
Dungeon (3/15)

Altars:


Message History

You climb downwards.
There is a stone staircase leading up here.
Aim: a gnoll, wielding a +0 spear The flame tongue hits the gnoll.
The hobgoblin shouts!
You hear an angry hiss.
The gnoll hits you but does no damage.
Aim: a gnoll, wielding a +0 spear (moderately wounded)
The flame tongue hits the gnoll.
An adder comes into view.
The gnoll hits you from afar with a +0 spear!
The orc wizard hits you but does no damage.
Aim: a gnoll, wielding a +0 spear (heavily wounded)
The flame tongue hits the gnoll!
You kill the gnoll!
The orc wizard casts a spell at you. The magic dart hits you!
The gnoll hits you from afar with a +0 halberd!
* * * LOW HITPOINT WARNING * * *
The hobgoblin hits you with a +0 club.
You die...

.... ..#...
##...#.....
......$.. ....... #
##..... .(.
##.....##..#.
#............
#..).@g.$........
#......og.........
...................
...................
.##.............#.#
#.....S....%.....
.........#...o...
.#........<.......
.......#......o


You could see an orc wizard, a gnoll, an adder and a hobgoblin.

Vanquished Creatures
  3 gnolls
  3 adders (D:2)
  3 worms (D:2)
  2 dart slugs
  3 orcs (D:2)
  A ball python (D:1)
  3 giant cockroaches (D:2)
  3 goblins
  4 hobgoblins (D:2)
  A jackal (D:2)
  2 kobolds (D:2)
  A quokka (D:2)
  3 bats (D:2)
  5 frilled lizards
  7 rats
44 creatures vanquished.

Notes
Turn   | Place    | Note
-------+----------+-------------------------------------------
     0 | D:1      | Goreval the Deep Elf Fire Elementalist began the quest for
                  | the Orb.
     0 | D:1      | Reached XP level 1. HP: 10/10 MP: 6/6
   275 | D:1      | Reached XP level 2. HP: 15/15 MP: 4/8
   853 | D:2      | Learned a level 2 spell: Throw Flame
  1005 | D:2      | Reached XP level 3. HP: 19/19 MP: 6/9
  1177 | D:2      | Reached skill level 4 in Fire Magic
  1673 | D:2      | Reached XP level 4. HP: 24/24 MP: 7/11
  1804 | D:2      | Learned a level 3 spell: Conjure Flame
  1808 | D:2      | Learned a level 3 spell: Inner Flame
  2760 | D:3      | Slain by a hobgoblin

Levels and vault maps discovered:
D:1:      evilmike_arrival_plus, layout_basic
D:2:      minmay_chambers_of_twos, layout_rooms
D:3:      layout_rooms, overflow_temple_1_default

Skill      XL: |  1  2  3  4 |
---------------+-------------+-----
Conjurations   | 2 3 |  3.1
Fire Magic     | 4 |  4.4
Dodging        | 3 |  3.1
Stealth        | |  2.4
Spellcasting   | |  3.7

Action                   |  1- 3 |  4- 6 || total
-------------------------+-------+-------++-------
 Cast: Flame Tongue      |    66 |    30 ||    96
  Eat: Chunk             |     2 |       ||     2
       Ration            |       |     1 ||     1
Armor: Robe              |     3 |    14 ||    17
Dodge: Dodged            |    10 |    39 ||    49
